[Event "Titled Tuesday Blitz April 26 Early 2022"]
[White "Polster, Christian"]
[Black "D`Arruda, Ricardo D."]
[WhiteFideId "12965081"]
[BlackFideId "100692"]
[WhiteElo "2317"]
[BlackElo "2407"]
[Result "0-1"]
[Round "04"]
[TimeControl "180+1"]
[Date "2022.04.26"]
[WhiteClock "0:00:01"]
[BlackClock "0:00:49"]

1. e4 c5 2. Nc3 e6 3. Nge2 Nf6 4. g3 d6 5. Bg2 Be7 6. O-O O-O 7. d4 cxd4 8. Nxd4 Nc6 9. Re1 d5 10. exd5 exd5 11. h3 a6 12. Be3 Re8 13. Nb3 Be6 14. Qd2 Ne5 15. Rad1 Nc4 16. Qc1 Nxe3 17. Rxe3 Bb4 18. Nxd5 Nxd5 19. Bxd5 Bxd5 20. Rxe8+ Qxe8 21. Rxd5 Qe2 22. c3 Bf8 23. Qd2 Qe6 24. Kh2 Re8 25. Rd7 b6 26. Qd5 Qf6 27. Qd4 Qf5 28. Rd5 Qf3 29. Nd2 Qd1 30. Rd8 Rxd8 31. Qxd8 Qc2 32. Kg2 Qxb2 33. Ne4 Qxa2 34. Ng5 Qa5 35. h4 h6 36. Nf3 Qc5 0-1


[Site "https://www.chess.com"]

[Event "Titled Tuesday Blitz April 26 Early 2022"]
[White "Popadic, Dragan"]
[Black "Araujo Sanchez, Josue"]
[WhiteFideId "913650"]
[BlackFideId "6416896"]
[WhiteElo "2203"]
[BlackElo "2339"]
[Result "0-1"]
[Round "04"]
[TimeControl "180+1"]
[Date "2022.04.26"]
[WhiteClock "0:00:02"]
[BlackClock "0:00:47"]

1. e4 c5 2. Nc3 e6 3. d3 Nc6 4. g4 d5 5. Bg2 dxe4 6. Nxe4 h5 7. g5 Nge7 8. Nh3 e5 9. O-O Ng6 10. c3 Be7 11. f4 Nh4 12. f5 Bxf5 13. Nhf2 Nxg2 14. Kxg2 Qd5 15. Be3 O-O-O 16. Qf3 Bg6 17. Rad1 Rhe8 18. Kg1 Kb8 19. Qg3 Ka8 20. a4 b6 21. Qg2 Kb8 22. Qg3 Qe6 23. d4 cxd4 24. cxd4 Kb7 25. dxe5 Qxe5 26. Qg2 Rxd1 27. Rxd1 Bb4 28. Rd4 Kb8 29. Rxb4 Nxb4 30. Bd2 Nd5 31. Ng3 h4 32. Nf1 Re6 33. Qf3 Re7 0-1


[Site "https://www.chess.com"]

[Event "Titled Tuesday Blitz April 26 Early 2022"]
[White "Pourkashiyan, Atousa"]
[Black "Hasangatin, Ramil"]
[WhiteFideId "12502014"]
[BlackFideId "4122160"]
[WhiteElo "2247"]
[BlackElo "2375"]
[Result "0-1"]
[Round "04"]
[TimeControl "180+1"]
[Date "2022.04.26"]
[WhiteClock "0:00:08"]
[BlackClock "0:01:04"]

1. e4 d5 2. exd5 Qxd5 3. Nc3 Qd6 4. d4 Nf6 5. Nf3 c6 6. Bc4 Bg4 7. Be3 Nbd7 8. h3 Bh5 9. g4 Bg6 10. Qe2 e6 11. O-O-O Be7 12. Bb3 O-O-O 13. Rhe1 Kb8 14. Qd2 Ka8 15. Bf4 Qb4 16. a3 Qa5 17. Kb1 Rc8 18. Ka2 Rhe8 19. Kb1 Nd5 20. Nxd5 Qxd2 21. Nc7+ Rxc7 22. Rxd2 Rcc8 23. Rde2 h6 24. Ne5 Nxe5 25. Bxe5 Bf8 26. Kc1 Red8 27. c3 c5 28. Rd2 f6 29. Bg3 cxd4 30. Red1 e5 31. Bc2 Bxc2 32. Rxc2 dxc3 33. Rxc3 Rxc3+ 34. bxc3 Bxa3+ 35. Kc2 Rxd1 36. Kxd1 b5 37. f4 exf4 38. Bxf4 Kb7 39. Kc2 Kc6 40. Kb3 Bd6 41. Be3 a5 42. Ba7 a4+ 43. Kb2 Kd5 44. Kc2 Kc4 45. Be3 Be5 46. Bd2 a3 47. Be1 a2 48. Kb2 Bxc3+ 49. Bxc3 a1=Q+ 50. Kxa1 Kxc3 0-1


[Site "https://www.chess.com"]

[Event "Titled Tuesday Blitz April 26 Early 2022"]
[White "Pranav, V"]
[Black "Abdusattorov, Nodirbek"]
[WhiteFideId "25060783"]
[BlackFideId "14204118"]
[WhiteElo "2349"]
[BlackElo "2663"]
[Result "1-0"]
[Round "04"]
[TimeControl "180+1"]
[Date "2022.04.26"]
[WhiteClock "0:00:57"]
[BlackClock "0:00:05"]

1. e4 e5 2. Nf3 Nc6 3. Nc3 Nf6 4. Bb5 Bb4 5. O-O O-O 6. d3 Bxc3 7. bxc3 d6 8. Nd2 Ne7 9. f4 exf4 10. Rxf4 Ng6 11. Rf1 d5 12. Ba3 c6 13. Bxf8 Qxf8 14. Ba4 Qc5+ 15. Kh1 Qxc3 16. exd5 cxd5 17. Bb3 Bg4 18. Qe1 Re8 19. Ne4 Nxe4 20. dxe4 Qc7 21. Bxd5 Ne5 22. Qg3 Bh5 23. c4 Bg6 24. a4 b6 25. a5 h6 26. axb6 axb6 27. h3 Kh7 28. Ra6 Qc8 29. Rxb6 Re7 30. Rfb1 Qc5 31. R6b5 Qd4 32. c5 Nd3 33. c6 Nf2+ 34. Kh2 Bxe4 35. R1b4 Qd1 36. Qxf2 Bxd5 37. Qf5+ g6 38. Qxd5 Qf1 39. Qf3 Qc1 40. Rb7 1-0


[Site "https://www.chess.com"]

[Event "Titled Tuesday Blitz April 26 Early 2022"]
[White "Prohorov, Olexandr"]
[Black "Piesik, Piotr"]
[WhiteFideId "14105578"]
[BlackFideId "1136194"]
[WhiteElo "1993"]
[BlackElo "2190"]
[Result "1/2-1/2"]
[Round "04"]
[TimeControl "180+1"]
[Date "2022.04.26"]
[WhiteClock "0:00:02"]
[BlackClock "0:00:07"]

1. e4 g6 2. d4 Bg7 3. Nc3 c6 4. Nf3 d6 5. h3 Nf6 6. Be2 O-O 7. O-O Nbd7 8. a4 e5 9. a5 Re8 10. dxe5 Nxe5 11. Bf4 Qc7 12. Qd2 Be6 13. Rfd1 Rad8 14. Nd4 Bc4 15. Ra4 Bxe2 16. Ndxe2 Bf8 17. b3 Qc8 18. Qd4 a6 19. f3 Bg7 20. Qf2 d5 21. Ng3 dxe4 22. Ngxe4 Rxd1+ 23. Nxd1 Nxe4 24. Rxe4 Nd7 25. Rxe8+ Qxe8 26. Qe3 Qxe3+ 27. Nxe3 Bd4 28. Kf1 Bxe3 29. Bxe3 f6 30. Ke2 Kf7 31. Kd3 Ke6 32. Ke4 c5 33. Bd2 Nb8 34. Bc3 Nc6 35. Kf4 h5 36. g4 Ne7 37. Bd2 Nd5+ 38. Ke4 f5+ 39. gxf5+ gxf5+ 40. Kd3 Kd6 41. c4 Ne7 42. Ke3 Ng6 43. Bc3 Ke6 44. f4 Kd6 45. Kf3 Kc6 46. Ke3 Nf8 47. Bh8 Ne6 48. Bf6 b5 49. axb6 Kxb6 50. Bc3 Kc6 51. Be5 Kd7 52. Bc3 Nd8 53. Bf6 Nc6 54. Bc3 Ke6 55. Kd3 Kd6 56. Ke3 Ne7 57. Kd3 Ng6 58. Ke3 Nh4 59. Kf2 Kc6 60. Kg3 Ng6 61. Kf3 Nf8 62. Ke3 Kb6 63. Kd3 Ne6 64. Ke3 Nc7 65. Be5 Ne6 66. Bc3 1/2-1/2


[Site "https://www.chess.com"]

[Event "Titled Tuesday Blitz April 26 Early 2022"]
[White "Przybylski, Wojciech"]
[Black "Bashirli, Saadat"]
[WhiteFideId "1117599"]
[BlackFideId "13429990"]
[WhiteElo "2133"]
[BlackElo "1173"]
[Result "0-1"]
[Round "04"]
[TimeControl "180+1"]
[Date "2022.04.26"]
[WhiteClock "0:00:01"]
[BlackClock "0:00:06"]

1. d4 d5 2. c4 e6 3. Nf3 c6 4. g3 dxc4 5. Bg2 b5 6. O-O Bb7 7. e4 Nf6 8. Re1 Be7 9. a4 a6 10. e5 Nd5 11. Nc3 O-O 12. Ne4 Nd7 13. b3 cxb3 14. Qxb3 N7b6 15. Nc5 Bxc5 16. dxc5 Nd7 17. Qc2 Qe7 18. Ng5 g6 19. Ne4 Nxe5 20. Bh6 Rfe8 21. Qb2 f6 22. Nxf6+ Qxf6 23. Qxe5 Qxe5 24. Rxe5 Rad8 25. axb5 cxb5 26. Rae1 Kf7 27. Bg5 Rc8 28. Bh3 Rc6 29. R5e4 Bc8 30. Rc1 a5 31. Rh4 h5 32. Bf1 Ba6 33. g4 Rh8 34. Bd2 a4 35. g5 Rhc8 36. Rh3 Rxc5 37. Rf3+ Ke7 38. Re1 Rc2 39. Ba5 R2c6 40. Bd3 Rg8 41. Be4 Rd6 42. Rd3 Nf4 43. Bb4 Nxd3 44. Bxd3 Rd8 45. Bxg6 Kf8 46. Bxh5 Kg7 47. Bxd6 Rxd6 48. Be2 b4 49. Bd1 b3 50. Bf3 Rb6 51. Be4 a3 52. Kg2 b2 0-1


[Site "https://www.chess.com"]

[Event "Titled Tuesday Blitz April 26 Early 2022"]
[White "Richter, Nils"]
[Black "Johnson, Ben"]
[WhiteFideId "12990809"]
[BlackFideId "2010917"]
[WhiteElo "2243"]
[BlackElo "2177"]
[Result "1-0"]
[Round "04"]
[TimeControl "180+1"]
[Date "2022.04.26"]
[WhiteClock "0:00:26"]
[BlackClock "0:00:09"]

1. d4 Nf6 2. c4 e6 3. Nf3 d5 4. e3 Bb4+ 5. Nbd2 O-O 6. a3 Be7 7. b4 c6 8. Bb2 a5 9. b5 a4 10. Bd3 dxc4 11. Bxc4 cxb5 12. Bxb5 Bd7 13. Bxd7 Qxd7 14. O-O Nc6 15. Nc4 Ra6 16. Qd3 Qd5 17. Rfc1 Rd8 18. Nfd2 b5 19. e4 Nxe4 20. Nxe4 bxc4 21. Qxc4 f5 22. Qxa6 Nb8 23. Qc4 fxe4 24. Qxd5 exd5 25. Bc3 Nc6 26. g3 Kf7 27. Rcb1 Rd7 28. Rb5 Ke6 29. Kf1 Rc7 30. Ba5 Nxa5 31. Rxa5 Rc4 32. Ra6+ Kf5 33. Ke2 Rxd4 34. Rd1 Rxd1 35. Kxd1 Bxa3 36. Rxa4 Bc5 37. Ra5 Bxf2 38. Rxd5+ Kg6 39. Ke2 e3 40. Kf3 Kf6 41. h4 g6 42. Rb5 h5 43. Ra5 Ke6 44. Ra2 Kf6 45. Kf4 Ke6 46. Kg5 Kf7 47. Kf4 Kf6 48. Ra6+ Kf7 49. Kf3 Kg7 50. Re6 Kf7 51. Re4 Kf6 52. Kf4 Kf7 53. Kg5 Kg7 54. Re7+ Kf8 55. Kf6 Bxg3 56. Rxe3 Bxh4+ 57. Kxg6 Be7 58. Kxh5 Ke8 59. Kg6 Kd7 60. Kf7 Bd6 61. Kf6 Kc8 62. Ke6 Bb8 63. Kd5 Kb7 64. Rb3+ Ka8 65. Kc6 Ka7 66. Ra3# 1-0


[Site "https://www.chess.com"]

[Event "Titled Tuesday Blitz April 26 Early 2022"]
[White "Riehle, Marco"]
[Black "Svane, Frederik"]
[WhiteFideId "12904392"]
[BlackFideId "12923044"]
[WhiteElo "2462"]
[BlackElo "2459"]
[Result "0-1"]
[Round "04"]
[TimeControl "180+1"]
[Date "2022.04.26"]
[WhiteClock "0:00:05"]
[BlackClock "0:00:07"]

1. e4 c5 2. a3 g6 3. h4 h5 4. Nc3 Bg7 5. Bc4 Nc6 6. d3 e6 7. Bg5 Nge7 8. Qd2 f6 9. Bf4 d5 10. Ba2 d4 11. Nce2 e5 12. Bg3 Qd6 13. O-O-O Be6 14. Kb1 Bxa2+ 15. Kxa2 Qe6+ 16. Kb1 b5 17. f4 b4 18. a4 b3 19. fxe5 fxe5 20. Nf3 Bh6 21. Ng5 Bxg5 22. hxg5 Rf8 23. Rhf1 Kd7 24. Nc1 c4 25. dxc4 bxc2+ 26. Qxc2 Nb4 27. Qb3 Nec6 28. Nd3 Nxd3 29. Qb7+ Kd6 30. Rxf8 Rxf8 31. Qg7 Rb8 32. Rxd3 Qxc4 33. Rf3 Re8 34. Rf6+ Kc5 35. Qxg6 Qd3+ 36. Kc1 Qc4+ 37. Kd1 Nb4 38. Rc6+ Nxc6 39. Qxe8 Qd3+ 40. Ke1 Qxg3+ 41. Kf1 Qxg5 42. Qc8 Qf4+ 43. Kg1 Qxe4 44. b4+ Kxb4 45. a5 Nxa5 46. g4 Qxg4+ 47. Qxg4 hxg4 48. Kh2 Nc4 0-1


[Site "https://www.chess.com"]

[Event "Titled Tuesday Blitz April 26 Early 2022"]
[White "Rom, Jasper"]
[Black "Hernandez Bermudez, Ulises Eduardo"]
[WhiteFideId "2023733"]
[BlackFideId "3902510"]
[WhiteElo "2233"]
[BlackElo "2056"]
[Result "1-0"]
[Round "04"]
[TimeControl "180+1"]
[Date "2022.04.26"]
[WhiteClock "0:01:34"]
[BlackClock "0:01:43"]

1. e4 c5 2. Nc3 Nc6 3. f4 g6 4. Nf3 Bg7 5. Bb5 Nd4 6. O-O e6 7. d3 Ne7 8. Nxd4 cxd4 9. Ne2 O-O 10. Qe1 d5 11. e5 a6 12. Ba4 b5 13. Bb3 Nc6 14. c3 dxc3 15. bxc3 Bb7 16. d4 Na5 17. Bc2 Nc4 18. g4 Rc8 19. f5 exf5 20. gxf5 f6 21. e6 gxf5 22. Bxf5 Qe7 23. Qh4 Bh8 24. Kh1 Rfd8 25. Bh6 Bg7 26. Rg1 Rc7 27. Bxg7 Qxg7 28. Qxh7+ 1-0


[Site "https://www.chess.com"]

[Event "Titled Tuesday Blitz April 26 Early 2022"]
[White "Ronka, Erik"]
[Black "Manukian, Artak"]
[WhiteFideId "505080"]
[BlackFideId "13301373"]
[WhiteElo "2264"]
[BlackElo "2332"]
[Result "0-1"]
[Round "04"]
[TimeControl "180+1"]
[Date "2022.04.26"]
[WhiteClock "0:00:01"]
[BlackClock "0:00:04"]

1. d4 d5 2. Nf3 Nf6 3. g3 Bg4 4. Bg2 Nc6 5. c4 e6 6. Nc3 Bb4 7. a3 Bxc3+ 8. bxc3 Ne4 9. Bd2 dxc4 10. O-O O-O 11. Be1 Rb8 12. Ne5 Nxe5 13. Bxe4 Nd7 14. a4 Bh3 15. Bg2 Bxg2 16. Kxg2 Nf6 17. Qc2 c5 18. e3 h5 19. f3 Qd6 20. Bf2 Rfc8 21. e4 cxd4 22. Bxd4 e5 23. Bxa7 Ra8 24. Rfd1 Qc6 25. Be3 b5 26. a5 Nd7 27. Rd5 f6 28. Rad1 Nf8 29. Bb6 Qb7 30. Rxb5 Qa6 31. Rbd5 h4 32. Qa4 Qxb6 33. Rb5 Qe3 34. Qb4 h3+ 35. Kxh3 Qxf3 36. Rb1 Ne6 37. Kh4 Kh7 38. Rb7 Rh8 0-1


[Site "https://www.chess.com"]

[Event "Titled Tuesday Blitz April 26 Early 2022"]
[White "Rosenberg, Evan S"]
[Black "Castellanos Hernandez, Emilio Au"]
[WhiteFideId "2019299"]
[BlackFideId "5114179"]
[WhiteElo "2345"]
[BlackElo "2021"]
[Result "1-0"]
[Round "04"]
[TimeControl "180+1"]
[Date "2022.04.26"]
[WhiteClock "0:01:57"]
[BlackClock "0:02:30"]

1. Nf3 Nf6 2. c4 c5 3. Nc3 Nc6 4. g3 g6 5. Bg2 Bg7 6. O-O O-O 7. d4 cxd4 8. Nxd4 e5 9. Ndb5 a6 10. Nd6 Qe7 11. c5 Nd4 12. Bg5 h6 13. Nd5 Qe6 14. Bxf6 Bxf6 15. Nc7 1-0


[Site "https://www.chess.com"]

[Event "Titled Tuesday Blitz April 26 Early 2022"]
[White "Rottenwohrer Suarez, Juan"]
[Black "Subelj, Jan"]
[WhiteFideId "32068182"]
[BlackFideId "14618583"]
[WhiteElo "2158"]
[BlackElo "2306"]
[Result "0-1"]
[Round "04"]
[TimeControl "180+1"]
[Date "2022.04.26"]
[WhiteClock "0:00:02"]
[BlackClock "0:00:16"]

1. Nf3 Nf6 2. g3 a5 3. Bg2 g6 4. O-O Bg7 5. d3 O-O 6. e4 a4 7. a3 d6 8. Nc3 c6 9. h3 e5 10. d4 Nbd7 11. Be3 Re8 12. Qd2 Nb6 13. Qc1 Nc4 14. Bg5 Ra5 15. Rd1 exd4 16. Rxd4 Be6 17. Bf1 Ne5 18. Nxe5 Rxe5 19. Bf4 Qc7 20. Bxe5 dxe5 21. Rd1 b5 22. Qd2 Bf8 23. Qe3 Qc8 24. Kh2 Nd7 25. Rd2 Bc5 26. Qf3 Nf8 27. Rad1 Bd4 28. Rxd4 exd4 29. Rxd4 Nd7 30. h4 Ne5 31. Qf4 Bg4 32. Bg2 Nc4 33. b3 axb3 34. cxb3 Nxa3 35. Rd6 Be6 36. e5 c5 37. Ne4 Rd8 38. Nf6+ Kg7 39. h5 Rxd6 40. exd6 h6 41. hxg6 fxg6 42. Ne4 c4 43. Qe5+ Kg8 44. bxc4 Nxc4 45. Nf6+ Kf7 46. Qf4 g5 47. Qd4 Nxd6 48. Qxd6 Kxf6 49. Qd4+ Kf7 50. Qb6 Qc4 51. Qb7+ Kf6 52. Qb8 b4 53. Qh8+ Ke7 54. Qxh6 b3 55. Qxg5+ Kd6 56. Qd8+ Kc5 57. Qb6+ Kxb6 0-1


[Site "https://www.chess.com"]

[Event "Titled Tuesday Blitz April 26 Early 2022"]
[White "Samaganova, Aleksandra"]
[Black "Simonovic, Miroslav"]
[WhiteFideId "13800221"]
[BlackFideId "919152"]
[WhiteElo "1859"]
[BlackElo "2043"]
[Result "0-1"]
[Round "04"]
[TimeControl "180+1"]
[Date "2022.04.26"]
[WhiteClock "0:00:02"]
[BlackClock "0:00:18"]

1. c4 c5 2. Nc3 Nc6 3. g3 g6 4. Bg2 Bg7 5. a3 d6 6. Rb1 a5 7. e3 e5 8. Nge2 Nge7 9. O-O O-O 10. Nd5 Be6 11. Nec3 Rb8 12. Nxe7+ Nxe7 13. Nd5 b5 14. d3 f5 15. b4 bxc4 16. dxc4 axb4 17. axb4 e4 18. b5 Nxd5 19. cxd5 Bd7 20. Qa4 Qb6 21. Bd2 Bxb5 22. Qa3 Qa6 23. Qxa6 Bxa6 24. Rfc1 Bd3 25. Rxb8 Rxb8 26. Ba5 Rb1 27. Rxb1 Bxb1 28. Bf1 Ba2 29. Bc7 Be5 30. Be2 Bxd5 31. Bb5 Kf7 32. Kf1 Ke6 33. Ke2 Bb7 34. Kd2 d5 35. Bb6 Bd6 36. Kc3 g5 37. Bd8 h6 38. h4 f4 39. hxg5 hxg5 40. Bxg5 fxg3 41. fxg3 Bxg3 42. Be8 Be5+ 43. Kc2 d4 44. exd4 cxd4 45. Bh5 e3 46. Bg4+ Kd6 47. Be2 Be4+ 48. Kd1 Ke6 49. Bh6 Kf5 50. Ke1 Bf4 51. Bg7 d3 52. Bxd3 Bxd3 53. Bf8 Ke4 54. Bb4 e2 55. Kf2 Be3+ 56. Ke1 Bf4 57. Kf2 Kd5 58. Ke1 Kc4 59. Ba5 Kb3 60. Kf2 Kc2 61. Ke1 Bg5 62. Kf2 Bd2 63. Bxd2 Kxd2 64. Kf3 e1=Q 0-1


[Site "https://www.chess.com"]

[Event "Titled Tuesday Blitz April 26 Early 2022"]
[White "Sanchez Alvares, Kelvin Antonio"]
[Black "Harshavardhan G B"]
[WhiteFideId "3906680"]
[BlackFideId "25059009"]
[WhiteElo "2193"]
[BlackElo "1831"]
[Result "1/2-1/2"]
[Round "04"]
[TimeControl "180+1"]
[Date "2022.04.26"]
[WhiteClock "0:00:03"]
[BlackClock "0:00:03"]

1. e4 e5 2. Nf3 Nc6 3. d4 exd4 4. Nxd4 Bc5 5. Nxc6 bxc6 6. Bd3 d6 7. O-O Nf6 8. Nc3 a5 9. Bg5 h6 10. Bh4 Qe7 11. Qe2 O-O 12. Kh1 Qe6 13. f4 Bd4 14. Rae1 Qg4 15. Bxf6 Bxf6 16. e5 Qxe2 17. Rxe2 dxe5 18. fxe5 Be7 19. Bc4 Be6 20. Bxe6 fxe6 21. Ref2 Rxf2 22. Rxf2 Rd8 23. g3 Bb4 24. Ne4 Rd5 25. c3 Be7 26. Nd2 Rxe5 27. Nc4 Rc5 28. b3 a4 29. Re2 axb3 30. axb3 Kf7 31. Ne5+ Ke8 32. c4 Bd6 33. Nd3 Ra5 34. Rxe6+ Kf7 35. Re3 Ra1+ 36. Kg2 Rb1 37. c5 Bf8 38. Ne5+ Kg8 39. Nd7 Rd1 40. Nxf8 Rd2+ 41. Kf3 Kxf8 42. Re6 Rd3+ 43. Kg4 Rxb3 44. Rxc6 Rb7 45. Kf5 Kf7 46. Ke5 Ke7 47. Kd5 Ra7 48. Re6+ Kf7 49. Re2 Ra6 50. g4 Kf6 51. h4 Kf7 52. Re3 Rg6 53. Re4 c6+ 54. Ke5 Re6+ 55. Kf5 Rf6+ 56. Ke5 g5 57. hxg5 hxg5 58. Kd4 Rf1 59. Kd3 Kf6 60. Re8 Rc1 61. Kd4 Rd1+ 62. Kc4 Rg1 63. Re4 Rc1+ 64. Kd4 Rf1 65. Kd3 Rf3+ 66. Kd4 Rf2 67. Kd3 Rf1 68. Kd4 Ra1 69. Kd3 Ra5 70. Kd4 Ra3 71. Re8 Ra4+ 72. Ke3 Kf7 73. Rc8 Ra6 74. Rc7+ Ke6 75. Ke4 Ra4+ 76. Kf3 Ra6 77. Ke4 Ra4+ 78. Kf3 Kd5 79. Rg7 Ra3+ 80. Ke2 Kxc5 81. Rxg5+ Kd4 82. Rf5 c5 83. Kf2 c4 84. Rf8 c3 85. Rc8 Ke4 86. g5 Kf4 87. g6 Ra2+ 88. Ke1 c2 89. Kd2 c1=Q+ 90. Kxc1 Rg2 91. Rc6 Kf5 92. Kd1 Rxg6 93. Rxg6 Kxg6 1/2-1/2


[Site "https://www.chess.com"]

[Event "Titled Tuesday Blitz April 26 Early 2022"]
[White "Sanchez, Robert"]
[Black "Ezat, Mohamed"]
[WhiteFideId "2034360"]
[BlackFideId "10600906"]
[WhiteElo "2400"]
[BlackElo "2386"]
[Result "1-0"]
[Round "04"]
[TimeControl "180+1"]
[Date "2022.04.26"]
[WhiteClock "0:00:13"]
[BlackClock "0:00:09"]

1. e4 c6 2. d4 d5 3. e5 c5 4. dxc5 Nc6 5. Nf3 Bg4 6. Bb5 e6 7. b4 a5 8. c3 Ne7 9. O-O axb4 10. cxb4 Ng6 11. Re1 Be7 12. Bb2 O-O 13. a3 f6 14. h3 Bxf3 15. Qxf3 fxe5 16. Qg4 Rf5 17. Nd2 e4 18. Rad1 Nce5 19. Qe2 Bh4 20. Nxe4 Qf8 21. Ng3 Rg5 22. Kh2 Nf4 23. Qc2 Nxg2 24. Rxe5 Rxe5 25. Bxe5 Nf4 26. Bxf4 Qxf4 27. Qe2 Kh8 28. Kg2 Rxa3 29. Rd3 Ra8 30. Qxe6 Rf8 31. Qe2 Qxb4 32. Rf3 Rg8 33. c6 bxc6 34. Bxc6 d4 35. Bd5 Rd8 36. Qe6 h6 37. Nf5 Bf6 38. Nxh6 Rd6 39. Nf7+ Kh7 40. Nxd6 d3 41. Be4+ Kh6 42. Rxf6+ Kh5 43. Qf5+ Kh4 44. Qg4# 1-0


[Site "https://www.chess.com"]

[Event "Titled Tuesday Blitz April 26 Early 2022"]
[White "Sarana, Alexey"]
[Black "Oye-Stromberg, Alexander"]
[WhiteFideId "24133795"]
[BlackFideId "1525999"]
[WhiteElo "2666"]
[BlackElo "1934"]
[Result "1-0"]
[Round "04"]
[TimeControl "180+1"]
[Date "2022.04.26"]
[WhiteClock "0:02:50"]
[BlackClock "0:02:34"]

1. d4 Nf6 2. c4 e6 3. Nc3 Bb4 4. e3 O-O 5. Bd3 d5 6. Ne2 a6 7. a3 Be7 8. cxd5 exd5 9. Qc2 Nbd7 10. b4 b6 11. O-O Bb7 12. Bb2 c5 13. bxc5 bxc5 14. dxc5 Nxc5 15. Bf5 Nce4 16. Rfd1 Qc7 17. Nxe4 1-0


[Site "https://www.chess.com"]

[Event "Titled Tuesday Blitz April 26 Early 2022"]
[White "Sargsyan, Anna M."]
[Black "Belenkaya, Dina"]
[WhiteFideId "13308130"]
[BlackFideId "24142654"]
[WhiteElo "2271"]
[BlackElo "2196"]
[Result "1-0"]
[Round "04"]
[TimeControl "180+1"]
[Date "2022.04.26"]
[WhiteClock "0:01:26"]
[BlackClock "0:00:10"]

1. d4 d5 2. c4 dxc4 3. Nf3 Nf6 4. e3 a6 5. Bxc4 b5 6. Bd3 Bb7 7. O-O e6 8. Qe2 Nbd7 9. Rd1 c5 10. a4 b4 11. Nbd2 Be7 12. Nc4 O-O 13. Bd2 Qb8 14. Be1 Rc8 15. Rac1 Ne4 16. Nfe5 Nxe5 17. Nxe5 cxd4 18. exd4 Nf6 19. f3 Qd6 20. Bf2 Qd8 21. Bc4 Nd5 22. Re1 Bf6 23. Bg3 a5 24. Nxf7 Bxd4+ 25. Kh1 Qf6 26. Nd6 Rxc4 27. Rxc4 Ba6 28. Nb5 e5 29. Qe4 Rd8 30. b3 Ne3 31. Rc6 Qg5 32. Rxa6 Nf5 33. Nxd4 Nxg3+ 34. hxg3 Qh5+ 35. Kg1 exd4 36. Ra8 1-0


[Site "https://www.chess.com"]

[Event "Titled Tuesday Blitz April 26 Early 2022"]
[White "Sarkar, Justin"]
[Black "Blokhin, Sofia"]
[WhiteFideId "2010011"]
[BlackFideId "4508190"]
[WhiteElo "2038"]
[BlackElo "1764"]
[Result "0-1"]
[Round "04"]
[TimeControl "180+1"]
[Date "2022.04.26"]
[WhiteClock "0:00:02"]
[BlackClock "0:00:14"]

1. e4 c5 2. Nf3 Nc6 3. Nc3 d6 4. d4 cxd4 5. Nxd4 e5 6. Ndb5 a6 7. Na3 b5 8. Nd5 Nf6 9. c4 b4 10. Nc2 a5 11. Bg5 Be7 12. Nxe7 Qxe7 13. Ne3 Be6 14. Nd5 Bxd5 15. cxd5 Nd4 16. f3 O-O 17. Be3 Nxe4 18. Bxd4 Qh4+ 19. g3 Nxg3 20. Bf2 e4 21. Bxg3 Qg5 22. fxe4 f5 23. e5 f4 24. Bf2 Qxe5+ 25. Qe2 Qxd5 26. Bh3 Qxh1+ 27. Qf1 Rfe8+ 28. Kd2 Qd5+ 29. Qd3 Qe5 30. Bg2 Qxb2+ 31. Qc2 Re2+ 32. Kxe2 Qxc2+ 33. Kf3 Qc3+ 34. Kxf4 Qxa1 35. Bxa8 Qe5+ 36. Kf3 Qf6+ 37. Kg2 h5 38. Bd5+ Kh7 39. Be4+ g6 40. Bf3 Qe5 41. h4 d5 42. Bg3 Qb2+ 43. Bf2 Qxa2 44. Kg3 b3 45. Bd4 b2 0-1


[Site "https://www.chess.com"]

[Event "Titled Tuesday Blitz April 26 Early 2022"]
[White "Schekachikhin, Maksim"]
[Black "Topalov, Aleksandar"]
[WhiteFideId "24177830"]
[BlackFideId "925659"]
[WhiteElo "2230"]
[BlackElo "2158"]
[Result "1-0"]
[Round "04"]
[TimeControl "180+1"]
[Date "2022.04.26"]
[WhiteClock "0:00:19"]
[BlackClock "0:00:09"]

1. d4 Nf6 2. c4 c5 3. d5 d6 4. Nc3 g6 5. e4 Bg7 6. Bd3 O-O 7. Nf3 Na6 8. O-O Nc7 9. h3 e5 10. a3 Nh5 11. Rb1 Nf4 12. b4 b6 13. a4 cxb4 14. Rxb4 Na6 15. Rb1 Nc5 16. Be2 f5 17. Nd2 fxe4 18. Ndxe4 Nxe4 19. Nxe4 Bf5 20. Bf3 Bxe4 21. Bxe4 Rc8 22. Qb3 Ne2+ 23. Kh2 Nxc1 24. Rbxc1 Bh6 25. Rc2 Rc5 26. Qd3 Kg7 27. g3 Qd7 28. Kg2 Qxa4 29. h4 Qd7 30. h5 Qg4 31. hxg6 hxg6 32. Rh1 Rc7 33. Rh4 Qg5 34. f3 Qf6 35. Rf2 g5 36. Rh1 Rfc8 37. Bf5 Rxc4 38. Bxc8 Rxc8 39. Rc2 Rc5 40. Rxc5 bxc5 41. Rb1 Kg8 42. Rb8+ Bf8 43. Rb7 Bg7 44. Rxa7 g4 45. fxg4 Qg5 46. Ra8+ Bf8 47. Qf5 Qd2+ 48. Kh3 Qh6+ 49. Qh5 Qg7 50. g5 e4 51. g6 Qd7+ 52. Qg4 Qe7 53. Qe6+ Kg7 54. Qxe7+ Bxe7 55. Ra7 1-0


[Site "https://www.chess.com"]

[Event "Titled Tuesday Blitz April 26 Early 2022"]
[White "Seifert, Henryk"]
[Black "Migot, Tangi"]
[WhiteFideId "1100963"]
[BlackFideId "662445"]
[WhiteElo "2120"]
[BlackElo "2542"]
[Result "0-1"]
[Round "04"]
[TimeControl "180+1"]
[Date "2022.04.26"]
[WhiteClock "0:00:03"]
[BlackClock "0:00:10"]

1. e4 c6 2. d4 d5 3. exd5 cxd5 4. Bd3 Qc7 5. c3 Nc6 6. Nf3 g6 7. O-O Bf5 8. Re1 Bxd3 9. Qxd3 Bg7 10. Bg5 Nf6 11. Nbd2 O-O 12. Ne5 e6 13. h3 Nxe5 14. Rxe5 Nd7 15. Re2 b5 16. a3 a5 17. Rae1 b4 18. axb4 axb4 19. cxb4 Qd6 20. b5 Ra4 21. Nf3 Rb8 22. Ne5 Nxe5 23. dxe5 Qb6 24. Bf6 Rb4 25. Bxg7 Kxg7 26. Qf3 Rxb5 27. Qf6+ Kg8 28. h4 h5 29. g4 hxg4 30. h5 Qd8 31. hxg6 Qxf6 32. exf6 Rxb2 33. gxf7+ Kxf7 34. Rxe6 R8b6 35. Rxb6 Rxb6 36. Kg2 Kxf6 37. Kg3 Kf5 38. Rd1 Rb3+ 39. Kg2 Rb5 40. Rd4 Rc5 41. Rd3 Ke4 42. Rd1 d4 43. Kg3 Rc3+ 44. Kxg4 d3 45. f4 Rc2 46. f5 Rg2+ 47. Kh3 Rf2 48. Kg4 Rf4+ 49. Kg5 Rxf5+ 50. Kg6 Rf2 51. Kg5 d2 52. Kg4 Ke3 53. Kg3 Re2 54. Ra1 Re1 0-1


[Site "https://www.chess.com"]

[Event "Titled Tuesday Blitz April 26 Early 2022"]
[White "Shandrygin, Nikita"]
[Black "Seo, Jung Min"]
[WhiteFideId "24198668"]
[BlackFideId "1734687"]
[WhiteElo "2539"]
[BlackElo "2799"]
[Result "0-1"]
[Round "04"]
[TimeControl "180+1"]
[Date "2022.04.26"]
[WhiteClock "0:00:02"]
[BlackClock "0:01:43"]

1. Nf3 d5 2. g3 Nc6 3. d4 Bf5 4. Bg2 Nb4 5. Na3 e6 6. c3 Nc6 7. O-O h6 8. Nc2 Nf6 9. Ne5 Nxe5 10. dxe5 Nd7 11. f4 Be7 12. Nd4 Bh7 13. f5 exf5 14. e6 Nf6 15. exf7+ Kxf7 16. Nxf5 Bc5+ 17. Kh1 Re8 18. e4 c6 19. exd5 cxd5 20. Nxh6+ gxh6 21. Bxh6 Be3 22. Bxd5+ Kg6 23. Bxe3 Rxe3 24. Bg2 Qxd1 25. Raxd1 Re7 26. Rd6 Rf8 27. g4 Kg7 28. g5 Ne8 29. Rdd1 Rxf1+ 30. Rxf1 Nd6 31. Rd1 Ne4 0-1


[Site "https://www.chess.com"]

[Event "Titled Tuesday Blitz April 26 Early 2022"]
[White "Shankland, Sam"]
[Black "Li, Ben"]
[WhiteFideId "2004887"]
[BlackFideId "2089980"]
[WhiteElo "2618"]
[BlackElo "2267"]
[Result "1-0"]
[Round "04"]
[TimeControl "180+1"]
[Date "2022.04.26"]
[WhiteClock "0:01:51"]
[BlackClock "0:00:15"]

1. d4 d5 2. c4 c6 3. Nc3 Nf6 4. e3 e6 5. Nf3 Nbd7 6. Be2 b6 7. O-O Bb7 8. b3 Bb4 9. Bb2 O-O 10. Qc2 Rc8 11. a3 Bd6 12. e4 dxe4 13. Nxe4 Nxe4 14. Qxe4 Qe7 15. b4 f5 16. Qe3 c5 17. dxc5 bxc5 18. b5 e5 19. Rfd1 e4 20. Qg5 Nf6 21. Nh4 Bb8 22. Nxf5 Qc7 23. Be5 1-0


[Site "https://www.chess.com"]